 Dungeon Crawl Stone Soup version 0.25-a0-934-g041635d5d1 (webtiles) character file.

Game seed: 18322767802807529186, levelgen mode: deterministic

56 Azyl the Firebug (level 3, -10/26 HPs)
             Began as a Draconian Fire Elementalist on May 4, 2020.
             Killed from afar by Crazy Yiuf (12 damage)
             ... with a puff of flame
             ... on level 2 of the Dungeon.
             The game lasted 00:07:32 (1921 turns).

Azyl the Firebug (Draconian Fire Elementalist)      Turns: 1921, Time: 00:07:33

Health: -10/26     AC:  5    Str: 10    XL:     3   Next: 69%
Magic:  4/6        EV: 12    Int: 16    God:
Gold:   64         SH:  0    Dex: 11    Spells: 2/6 levels left

rFire    . . .     SeeInvis .   a - +0 hunting sling
rCold    . . .     Gourm    .   (no shield)
rNeg     . . .     Faith    .   (armour unavailable)
rPois    .         Spirit   .   (helmet restricted)
rElec    .         Reflect  .   (no cloak)
rCorr    .         Harm     .   (no gloves)
MR       .....                  (no boots)
Stlth    ++........             (no amulet)
HPRegen  0.08/turn              (no ring)
MPRegen  0.10/turn              (no ring)

@: no status effects
A: unfitting armour, cold-blooded, AC +5
a: no special abilities


You were on level 2 of the Dungeon.
You were not hungry.

You visited 1 branch of the dungeon, and saw 2 of its levels.

You collected 64 gold pieces.

Inventory:

Hand Weapons
 a - a +0 hunting sling (weapon)
 c - a +0 mace
Missiles
 f - 45 arrows
 o - 17 stones (quivered)
Scrolls
 g - a scroll of magic mapping {unknown}
 h - a scroll of blinking {unknown}
 i - a scroll of identify {unknown}
 l - a scroll of random uselessness {unknown}
Potions
 d - a potion of berserk rage {unknown}
 e - 3 potions of heal wounds {unknown}
 j - a potion of invisibility {unknown}
 k - a potion of degeneration {unknown}
 n - a potion of brilliance {unknown}
Comestibles
 b - 5 rations
 m - a chunk of flesh


   Skills:
 - Level 0.5 Maces & Flails
 - Level 1.7 Dodging
 - Level 1.7 Stealth
 + Level 2.3 Spellcasting
 + Level 1.0 Conjurations
 * Level 4.4 Fire Magic


You had 2 spell levels left.
You knew the following spells:

 Your Spells              Type           Power        Failure   Level  Hunger
a - Foxfire               Conj/Fire      ##..         7%          1    #......
b - Conjure Flame         Conj/Fire      ##......     21%         3    ###....

Your spell library contained the following spells:

 Spells                   Type           Power        Failure   Level  Hunger
 Inner Flame              Hex/Fire       #.......     24%         3    ###....
 Sticky Flame             Conj/Fire      ##......     54%         4    #####..
 Fireball                 Conj/Fire      ##........   88%         5    ######.


Dungeon Overview and Level Annotations

Branches:
Dungeon (2/15)

Altars:
The Shining One

Annotations:
D:2 Crazy Yiuf


Innate Abilities, Weirdness & Mutations

Your plain brown scales are hard. (AC +5)
You cannot fit into any form of body armour.
You are cold-blooded and may be slowed by cold attacks.


Message History

You conjure some foxfire!
Crazy Yiuf zaps a wand.
The puff of flame hits you!
The foxfire hits Crazy Yiuf.
Crazy Yiuf is lightly wounded.
The foxfire hits Crazy Yiuf but does no damage.
Crazy Yiuf is lightly wounded.
Crazy Yiuf zaps a wand.
The puff of flame hits you!
* * * LOW HITPOINT WARNING * * *
Casting: Foxfire (safe; 7% risk of failure)
Confirm with . or Enter, or press ? or * to list all spells.
You conjure some foxfire!
Crazy Yiuf yells, "Mama noodlescoop bag!"
The foxfire hits Crazy Yiuf.
Crazy Yiuf is moderately wounded.
The foxfire hits Crazy Yiuf but does no damage.
Crazy Yiuf is moderately wounded.
Crazy Yiuf cries, "Snoogle!"
Crazy Yiuf screams, "Cholesterol pizzabubble broken!"
Crazy Yiuf laughs, "Ice seventy hog!"
Crazy Yiuf zaps a wand.
The puff of flame hits you!
You die...

# ♣♣####################### ..#♣♣
♣♣.#..g..@.....).........#
..'.♣♣♣♣......##########)...)....
..#♣g.♣......###.........######.#
# ♣♣♣.♣..#..###.#######.####....
♣♣♣♣♣##.....## #......#..
#.##...######.#)..#### ###
###.##)#............# #.#
#..#.....)....#.#...# #.#
#..#.########.#.##.##


You could see Crazy Yiuf.

Vanquished Creatures
  Robin (D:2)
  An adder skeleton (D:2)
  6 giant cockroaches
  9 goblins
  12 hobgoblins
  A bat (D:1)
  2 frilled lizards (D:2)
  A kobold (D:1)
  A rat (D:1)
34 creatures vanquished.

Vanquished Creatures (others)
  64 foxfires
64 creatures vanquished.

Grand Total: 98 creatures vanquished

Notes
Turn   | Place    | Note
-------+----------+-------------------------------------------
     0 | D:1      | Azyl the Draconian Fire Elementalist began the quest for
                  | the Orb.
     0 | D:1      | Reached XP level 1. HP: 14/14 MP: 3/3
   336 | D:1      | Reached XP level 2. HP: 20/20 MP: 3/5
  1200 | D:2      | Reached skill level 4 in Fire Magic
  1219 | D:2      | Noticed Robin
  1232 | D:2      | Reached XP level 3. HP: 26/26 MP: 1/6
  1575 | D:2      | Killed Robin
  1655 | D:2      | Learned a level 3 spell: Conjure Flame
  1801 | D:2      | Found a glowing golden altar of the Shining One.
  1902 | D:2      | Found a runed translucent door.
  1903 | D:2      | Noticed Crazy Yiuf
  1921 | D:2      | Killed from afar by Crazy Yiuf

Levels and vault maps discovered:
D:1:      minmay_arrival_wavy_path, layout_loops_ring
D:2:      layout_loops_ring, marbit_many_paths, kennysheep_vampire_church,
          first_ration, kennysheep_slug_shrine, uniq_robin, uniq_terence,
          uniq_crazy_yiuf_cottage

Skill      XL: |  1  2 |
---------------+-------+-----
Fire Magic     | 4 |  4.4
Maces & Flails | |  0.5
Dodging        | |  1.7
Stealth        | |  1.7
Spellcasting   | |  2.3
Conjurations   | |  1.0

Action                   || total
-------------------------++-------
Melee: Club              ||    14
       Tailslap          ||     9
       Mace              ||    37
 Fire: Hunting sling     ||     3
 Cast: Foxfire           ||    35
 Stab: Sleeping          ||     1
  Eat: Ration            ||     1
Armor: Skin              ||    14
Dodge: Dodged            ||    35

Table legend:
 A = Non-vault XP
 B = Vault XP
 C = Vault XP percentage of total XP
 D = Non-vault monster count
 E = Vault monster count
 F = Vault count percentage of total count
                 A         B        C        D         E       F
            +---------+---------+-------+---------+---------+-------
      Total |      40 |      40 |  50.0 |      21 |      13 |  38.2
            +---------+---------+-------+---------+---------+-------
        D:1 |      29 |       0 |   0.0 |      16 |       0 |   0.0
        D:2 |      11 |      40 |  78.4 |       5 |      13 |  72.2
            +---------+---------+-------+---------+---------+-------
